 Dungeon Crawl Stone Soup version 0.31-a0-187-gba352fbbf7 (webtiles) character file.

Game seed: 16874986102134184249

75 qw the Shooter (level 4, -1/25 HPs)
             Began as a Deep Elf Hunter on June 22, 2023.
             Slain by a +2 spectral club (9 damage)
             ... created by Ijyb
             ... while paralysed by Grinder
             ... on level 3 of the Dungeon.
             The game lasted 00:00:36 (1567 turns).

qw the Shooter (Deep Elf Hunter)                    Turns: 1567, Time: 00:00:36

Health: -1/25      AC: 11    Str: 10    XL:     4   Next: 11%
Magic:  6/6        EV:  2    Int: 14    God:
Gold:   96         SH:  0    Dex: 18    Spells: 3/3 levels left

rFire   . . .        Y - +0 shortbow
rCold   . . .        (shield currently unavailable)
rNeg    . . .        a - +0 ring mail
rPois   .            (no helmet)
rElec   .            h - +1 cloak
rCorr   .            (no gloves)
SInv    .            (no boots)
Will    .....        (no amulet) Stlth
                     k - +4 ring of protection
HPRegen 0.24/turn    (no ring)
MPRegen 0.10/turn

%: no passive effects
@: confused, paralysed
A: no striking features
a: no special abilities


You were on level 3 of the Dungeon.
You visited 1 branch of the dungeon, and saw 3 of its levels.

You collected 96 gold pieces.


   Skills:
 - Level 1.5 Fighting
 + Level 7.5 Ranged Weapons
 - Level 2.4 Dodging
 - Level 1.2 Stealth


You had 3 spell levels left.
You didn't know any spells.
Your spell library was empty.

Inventory:

Hand Weapons
 Y - a +0 shortbow (weapon)
Armour
 a - a +0 ring mail (worn)
 h - a +1 cloak (worn)
Jewellery
 k - a +4 ring of protection (left hand)
Scrolls
 j - 2 scrolls of identify
Potions
 d - a potion of heal wounds {unknown}
 e - a potion of mutation {unknown}
 f - a potion of haste {unknown}
 g - a potion of might
 i - a potion of invisibility {unknown}

Dungeon Overview and Level Annotations

Branches:
Dungeon (3/15)

Altars:

Annotations:
D:3 Grinder, Ijyb


Message History

1554 ||| Stepping ~*~*~tactically~*~*~ (outnumbered).
Enter note:
Enter note:
1555 ||| Stepping ~*~*~tactically~*~*~ (outnumbered).
Enter note:
Enter note: You shoot an arrow.
The arrow barely misses Ijyb.
You shoot an arrow. The arrow barely misses Grinder.
You shoot an arrow. The arrow hits Ijyb but does no damage.
Ijyb zaps a wand.
Your will is overpowered!
You are confused.
Ijyb screams, "I no like you!" Ijyb screams, "I cut your head off!"
Ijyb completely misses you.
The +2 spectral club hits you but does no damage.
Grinder says, "Make like a tree!"
A +2 spectral club comes into view.
Ijyb hits you but does no damage. The +2 spectral club hits you.
Grinder hits you but does no damage. Ijyb closely misses you.
The +2 spectral club closely misses you.
Grinder hits you.
You writhe in agony.
Ijyb zaps a wand.
You resist with some effort. Grinder barely misses you.
The +2 spectral club disappears.
Ijyb screams, "You nasty!
Big nasty!"
Ijyb zaps a wand.
Your will is overpowered!
You are more confused.
The now-empty wand crumbles to dust.
Grinder says, "Don't move a muscle."
Grinder gestures at you.
You suddenly lose the ability to move!
Ijyb hits you but does no damage. The +2 spectral club hits you.
Grinder hits you but does no damage.
A +2 spectral club comes into view.
Ijyb hits you but does no damage.
The +2 spectral club hits you but does no damage.
Grinder gestures at you. Pain shoots through your body!
Ijyb hits you with a +2 spectral club. The +2 spectral club hits you!
You die...

##.######......... ###
#.................. ...
..................... ##
#...........#.........
#.#.........#.....5[..
####.#.........##........
..................#
...............5g(#
...#......###...@.##
#.....#...............#
...#.#.............#..#
.......##.........## ##
.........###....###
##...###..##.##%.. #...#
##.##.###... #...# ..#.#
...# #...# .#.# ...


You could see Grinder, a +2 spectral club (wandering) and Ijyb.

Vanquished Creatures
  2 adders
  2 worms (D:2)
  A dart slug (D:1)
  3 bats
  An endoplasm (D:2)
  3 giant cockroaches
  5 goblins
  3 hobgoblins
  6 jackals (D:2)
  2 kobolds
  3 quokkas
  7 ball pythons
  5 frilled lizards
  7 rats
50 creatures vanquished.

Notes
Turn   | Place    | Note
-------+----------+-------------------------------------------
     0 | D:1      | qw the Deep Elf Hunter began the quest for the Orb.
     0 | D:1      | Reached XP level 1. HP: 12/12 MP: 3/3
     0 | D:1      | 0 ||| qw: Version: 0.3-a-9-g12657ce
     0 | D:1      | 0 ||| qw: Game counter: 2049
     0 | D:1      | 0 ||| qw: Always use a shield: true
     0 | D:1      | 0 ||| qw: God list: Okawaru
     0 | D:1      | 0 ||| qw: Allow faded altars: false
     0 | D:1      | 0 ||| qw: Do Orc after D:15 true
     0 | D:1      | 0 ||| qw: Do second Lair branch before Depths: true
     0 | D:1      | 0 ||| qw: Lair rune preference: random
     0 | D:1      | 0 ||| qw: Plans: Normal
     0 | D:1      | 0 ||| PLANNING D:1-11
    77 | D:1      | Reached XP level 2. HP: 16/16 MP: 4/4
    80 | D:1      | Reached skill level 6 in Ranged Weapons
   738 | D:1      | 738 ||| READING scroll labelled XOPA PYLEIDD.
   739 | D:1      | 739 ||| DRINKING 2 blue potions.
   740 | D:1      | 740 ||| DROPPING scroll of butterflies.
   785 | D:2      | Reached XP level 3. HP: 20/20 MP: 5/5
  1047 | D:2      | Reached skill level 7 in Ranged Weapons
  1465 | D:2      | 1465 ||| UPGRADING to +0 ring mail.
  1475 | D:2      | 1475 ||| DROPPING +0 leather armour.
  1476 | D:2      | 1476 ||| UPGRADING to +1 cloak.
  1481 | D:2      | 1481 ||| UPGRADING to +4 ring of protection.
  1482 | D:2      | 1482 ||| READING 2 scrolls labelled EDIGIU ADAA.
  1483 | D:2      | 1483 ||| DROPPING scroll of fog.
  1520 | D:3      | Reached XP level 4. HP: 23/25 MP: 6/6
  1552 | D:3      | Noticed Grinder
  1553 | D:3      | Noticed Ijyb
  1554 | D:3      | 1554 ||| Stepping ~*~*~tactically~*~*~ (outnumbered).
  1555 | D:3      | 1555 ||| Stepping ~*~*~tactically~*~*~ (outnumbered).
  1564 | D:3      | Paralysed by Grinder for 4 turns
  1567 | D:3      | Slain by a +2 spectral club

Levels and vault maps discovered:
D:1:      erik_arrival_triangle_small, layout_loops_cross, serial_forest,
          infiniplex_forest_straight_2, infiniplex_forest_clump_small,
          infiniplex_forest_end_3, infiniplex_forest_clump_curved
D:2:      layout_basic
D:3:      layout_rooms, lemuel_zombie_altar_yredelemnul, minmay_strange_pillars,
          uniq_ijyb, uniq_grinder

Skill      XL: |  1  2  3 |
---------------+----------+-----
Ranged Weapons | 6 7 |  7.5
Fighting       | |  1.5
Dodging        | |  2.4
Stealth        | |  1.2

Action                     |  1- 3 |  4- 6 || total
---------------------------+-------+-------++-------
   Fire: Shortbow          |   129 |     6 ||   135
    Use: Scroll            |     2 |       ||     2
         Potion            |     1 |       ||     1
 Armour: Leather armour    |    17 |       ||    17
         Ring mail         |     5 |     7 ||    12
  Dodge: Dodged            |    51 |     4 ||    55

Table legend:
 A = Non-vault XP
 B = Vault XP
 C = Vault XP percentage of total XP
 D = Non-vault monster count
 E = Vault monster count
 F = Vault count percentage of total count
                 A         B        C        D         E       F
            +---------+---------+-------+---------+---------+-------
      Total |     108 |       0 |   0.0 |      50 |       0 |   0.0
            +---------+---------+-------+---------+---------+-------
        D:1 |      38 |       0 |   0.0 |      24 |       0 |   0.0
        D:2 |      52 |       0 |   0.0 |      22 |       0 |   0.0
        D:3 |      18 |       0 |   0.0 |       4 |       0 |   0.0
            +---------+---------+-------+---------+---------+-------
